 Dungeon Crawl Stone Soup version 0.27-a0-828-g8289197e94 (webtiles) character file.

Game seed: 8577101750869599019

65 polve the Skirmisher (level 3, 0/29 HPs)
             Began as a Demonspawn Abyssal Knight on Mar 30, 2021.
             Was a Follower of Lugonu.
             Slain by a dart slug (3 damage)
             ... on level 3 of the Dungeon.
             The game lasted 00:01:24 (2720 turns).

polve the Skirmisher (Demonspawn Abyssal Knight)    Turns: 2720, Time: 00:01:24

Health: 0/29       AC:  3    Str: 13    XL:     3   Next: 94%
Magic:  4/4        EV: 15    Int: 13    God:    Lugonu [*.....]
Gold:   15         SH:  0    Dex: 12    Spells: 2/2 levels left

rFire    . . .     SeeInvis .   a - +1 falchion
rCold    . . .     Faith    .   (no shield)
rNeg     . . .     Spirit   .   b - +0 leather armour
rPois    .         Reflect  .   (no helmet)
rElec    .         Harm     .   (no cloak)
rCorr    .         Rampage  .   (no gloves)
Will     .....                  (no boots)
Stlth    +.........             (no amulet)
HPRegen  0.09/turn              f - +4 ring of evasion
MPRegen  0.09/turn              (no ring)

@: no status effects
A: claws 1
a: Renounce Religion, Depart the Abyss


You were on level 3 of the Dungeon.
You worshipped Lugonu.
Lugonu was aware of your devotion.
You visited 1 branch of the dungeon, and saw 3 of its levels.
You visited the Abyss 1 time.

You collected 15 gold pieces.

Inventory:

Hand Weapons
 a - a +1 falchion (weapon)
Armour
 b - a +0 leather armour (worn)
Jewellery
 f - a +4 ring of evasion (left claw)
 k - a ring of resist corrosion
 l - a ring of protection from fire
Scrolls
 c - a scroll of fear {unknown}
 d - a scroll of amnesia {unknown}
 m - a scroll of enchant armour {unknown}
 n - a scroll of identify {unknown}
Potions
 e - 2 potions of curing {unknown}
 g - a potion of heal wounds {unknown}
 h - a potion of degeneration {unknown}
 i - a potion of brilliance {unknown}
 j - a potion of might {unknown}


   Skills:
 - Level 3.0 Fighting
 - Level 2.5 Long Blades
 - Level 1.7 Armour
 - Level 0.8 Dodging
 + Level 2.6 Unarmed Combat
 - Level 2.4 Invocations


You had 2 spell levels left.
You didn't know any spells.
Your spell library was empty.

Dungeon Overview and Level Annotations

Branches:
Dungeon (3/15)

Altars:
Sif Muna
Vehumet

Shops:
D:1 *


Innate Abilities, Weirdness & Mutations

You have sharp fingernails.


Message History

You barely miss the adder.
The adder is lightly wounded.
The adder bites you.
* * * LOW HITPOINT WARNING * * *
You closely miss the adder.
The adder is lightly wounded.
The adder barely misses you.
You riposte.
You barely miss the adder.
The adder is lightly wounded.
The adder completely misses you.
You hit the adder.
The adder is heavily wounded.
The adder misses you.
You hit the adder.
The adder is severely wounded.
The adder completely misses you. The adder barely misses you.
You hit the adder.
You kill the adder!
Lugonu accepts your kill.
You slash the rat!
You kill the rat!
Lugonu accepts your kill.
You closely miss the jackal. The jackal misses you.
The jackal barely misses you.
You hit the jackal.
You kill the jackal!
Lugonu accepts your kill.
A dart slug is nearby!
You hit the dart slug.
The dart slug is heavily wounded.
The dart slug launches a dart at you. The slug dart hits you.
* * * LOW HITPOINT WARNING * * *
You hit the dart slug.
The dart slug is severely wounded.
You hit the dart slug.
You kill the dart slug!
Lugonu accepts your kill.
A dart slug is nearby!
The dart slug bites you.
You die...

.w≈≈≈≈≈...≈≈#≈#.#
.##≈≈≈≈#.?≈≈≈≈≈#
#≈≈≈≈≈≈≈≈#≈≈...
####.≈≈≈≈≈≈ww..##
#....w≈≈.≈≈##.##
#†#####..### # #
#.# #.## #. #.#
#.#
#..#@#####.######
#....w..=.........
#.#..........#####
# #..######..#
#....# ..#
........ ..#
###..... ...
.?....# $$$#
######.# $.


You could see a dart slug.

Vanquished Creatures
  A gnoll (D:1)
  An adder (D:3)
  A worm (D:2)
  2 dart slugs (D:3)
  5 endoplasms
  2 giant cockroaches (D:1)
  8 jackals
  5 kobolds
  2 quokkas (D:1)
  4 ball pythons
  5 rats
36 creatures vanquished.

Notes
Turn   | Place    | Note
-------+----------+-------------------------------------------
     0 | Abyss:1  | polve the Demonspawn Abyssal Knight began the quest for the
                  | Orb.
     0 | Abyss:1  | Reached XP level 1. HP: 18/18 MP: 2/2
    38 | Abyss:1  | Noticed a thrashing horror
    39 | Abyss:1  | Noticed a wretched star
    45 | D:1      | Escaped the Abyss
    74 | D:1      | Gained mutation: You have sharp fingernails. [demonic
                  | ancestry]
    74 | D:1      | Reached XP level 2. HP: 21/24 MP: 3/3
   146 | D:1      | Reached * piety under Lugonu
   758 | D:1      | Reached skill level 1 in Unarmed Combat
   819 | D:1      | Found Nent's General Store.
  1085 | D:1      | Reached XP level 3. HP: 17/29 MP: 4/4
  1394 | D:2      | Found a radiant altar of Vehumet.
  1751 | D:2      | Found a shimmering blue altar of Sif Muna.
  2654 | D:3      | HP: 1/29 [adder (4)]
  2692 | D:3      | HP: 1/29 [dart slug/slug dart (4)]
  2720 | D:3      | Slain by a dart slug

Illustrated notes

Levels and vault maps discovered:
D:1:      scummos_arrival_simple_crosswalls, layout_basic, serial_shops,
          nicolae_shop_trees
D:2:      layout_basic, lemuel_round_altar, minmay_misc_feat_ornament,
          lemuel_blue_sif_altar
D:3:      kennysheep_slugbush, layout_loops_ring, nicolae_gozag_seed_capital

Skill      XL: |  1  2  3 |
---------------+----------+-----
Long Blades    | 2 |  2.5
Unarmed Combat | 1 2 |  2.6
Fighting       | |  3.0
Armour         | |  1.7
Dodging        | |  0.8
Invocations    | |  2.4

Action                   || total
-------------------------++-------
Melee: Falchion          ||   108
       Punch             ||     1
Invok: Depart the Abyss  ||     1
 Stab: Sleeping          ||     2
Armor: Leather armour    ||    26
Dodge: Dodged            ||   104
       Rpst.: Falchion   ||    28

Table legend: (Time is in decaauts)
 A = Elapsed time spent in this place.
 B = Non-inter-level travel time spent in this place.
 C = Inter-level travel time spent in this place.
 D = Time resting spent in this place.
 E = Time spent auto-exploring this place.
 F = Levels seen in this place.
 G = Mean time per level.
                   A        B        C        D        E       F      G
               +--------+--------+--------+--------+--------+-----+--------+
         Total |   2739 |   2630 |    109 |      0 |   2368 |   4 |  684.8 |
       Dungeon |   2694 |   2585 |    109 |      0 |   2331 |   3 |  898.0 |
         Abyss |     45 |     45 |      0 |      0 |     37 |   1 |   45.0 |
               +--------+--------+--------+--------+--------+-----+--------+

Top non-repeatable levels by time:
     D:2: 1296 daAuts
     D:1: 1296 daAuts
     D:3: 102 daAuts
 Abyss:1: 45 daAuts
